 Dungeon Crawl Stone Soup version 0.30-a0-862-g1aabd4f9c5 (webtiles) character file.

Game seed: 6158842660583000937

171 Corto the Digger (level 5, -6/28 HPs)
             Began as a Gargoyle Earth Elementalist on Mar 9, 2023.
             Killed from afar by Sigmund (11 damage)
             ... with a magic dart
             ... on level 3 of the Dungeon.
             The game lasted 00:04:34 (2009 turns).

Corto the Digger (Gargoyle Earth Elementalist)      Turns: 2009, Time: 00:04:34

Health: -6/28      AC:  8    Str: 12    XL:     5   Next: 51%
Magic:  1/10       EV: 11    Int: 23    God:
Gold:   167        SH:  0    Dex: 10    Spells: 6/10 levels left

rFire   . . .      SeeInvis .    o - +1 short sword (venom)
rCold   . . .      Faith    .    (no shield)
rNeg    + . .      Spirit   .    a - +0 robe
rPois   ∞          Reflect  .    j - +1 helmet
rElec   +          Rampage  .    (no cloak)
rCorr   .                        (no gloves)
Will    .....                    (no boots)
Stlth   ++                       (no amulet)
HPRegen 0.24/turn                i - +6 ring of intelligence
MPRegen 0.12/turn                (no ring)

@: no status effects
A: sickness immunity, AC +4, negative energy resistance 1, electricity
resistance, torment resistance 1, petrification resistance
a: no special abilities


You were on level 3 of the Dungeon.
You visited 1 branch of the dungeon, and saw 4 of its levels.

You collected 167 gold pieces.

Inventory:

Hand Weapons
 o - a +1 short sword of venom (weapon)
 p - a +0 flail
Armour
 a - a +0 robe (worn)
 j - a +1 helmet (worn)
 l - a +0 kite shield
Jewellery
 h - an amulet of guardian spirit
 i - a +6 ring of intelligence (left hand)
Scrolls
 d - a scroll of acquirement {unknown}
 e - 4 scrolls of identify {unknown}
 g - a scroll of blinking {unknown}
 m - a scroll of enchant armour {unknown}
 n - a scroll of fear {unknown}
 q - a scroll of enchant weapon {unknown}
Potions
 b - a potion of magic
 c - 6 potions of curing {unknown}
 f - 3 potions of heal wounds {unknown}
 k - a potion of berserk rage {unknown}
 r - a potion of mutation {unknown}


   Skills:
 - Level 1.5 Dodging
 - Level 2.1 Stealth
 + Level 3.4 Spellcasting
 + Level 2.5 Conjurations
 - Level 0.7 Transmutations
 + Level 5.3 Earth Magic


You had 6 spell levels left.
You knew the following spells:

 Your Spells              Type           Power      Damage    Failure   Level
a - Sandblast             Erth           56%        2d13      1%          1
b - Stone Arrow           Conj/Erth      42%        3d9       7%          3

Your spell library contained the following spells:

 Spells                   Type           Power      Damage    Failure   Level
 Passwall                 Tmut/Erth      14%        N/A       4%          2
 Slow                     Hex            16%        N/A       11%         1
 Poisonous Vapours        Pois/Air       8%         N/A       17%         2
 Dazzling Flash           Conj/Hex       18%        N/A       21%         3
 Mephitic Cloud           Conj/Pois/Air  7%         N/A       24%         3
 Confusing Touch          Hex            4%         N/A       32%         3
 Vampiric Draining        Necr           4%         2d6       32%         3
 Petrify                  Tmut/Erth      17%        N/A       32%         4
 Iskenderun's Mystic Bla  Conj/Tloc      9%         2d4       54%         4
 Starburst                Conj/Fire      4%         6d4       100%        6
 Cigotuvi's Dreadful Rot  Necr/Pois/Air  Unusable   N/A       N/A         2

Dungeon Overview and Level Annotations

Branches:
Dungeon (4/15)
 Temple: D:4-7

Altars:
Ashenzari
Fedhas
Sif Muna

Annotations:
D:3 Grinder, Sigmund
D:4 Edmund


Innate Abilities, Weirdness & Mutations

You are immune to sickness and miasma.
Your stone body is resilient. (AC +4)
You are immune to poison.
You resist negative energy. (rN+)
You are resistant to electric shocks. (rElec)
You are resistant to unholy torment.
You are immune to petrification.


Message History

The rat closely misses you.
Sigmund hits you from afar with a +2 scythe of protection.
The frilled lizard bites you. The rat bites you but does no damage.
Things that are here:
a +0 flail; a +0 scale mail
Casting: Sandblast (safe; 1% risk of failure)
Confirm with . or Enter, or press ? or * to list all spells.
The blast of sand hits the rat.
You kill the rat!
Casting: Sandblast (safe; 1% risk of failure)
Confirm with . or Enter, or press ? or * to list all spells.
The blast of sand misses the frilled lizard.
The frilled lizard closely misses you. The frilled lizard misses you.
Casting: Sandblast (safe; 1% risk of failure)
Confirm with . or Enter, or press ? or * to list all spells.
The blast of sand hits the frilled lizard!
You kill the frilled lizard!
Sigmund gestures at you while chanting. The magic dart hits you.
Casting: Sandblast (safe; 1% risk of failure)
Confirm with . or Enter, or press ? or * to list all spells.
The blast of sand hits Sigmund but does no damage.
Sigmund is heavily wounded.
Sigmund casts a spell.
Sigmund flickers and vanishes!
Deactivating autopickup; reactivate with Ctrl-A.
Casting: Sandblast (safe; 1% risk of failure)
Confirm with . or Enter, or press ? or * to list all spells.
Aiming: Sandblast (safe; 1% risk of failure)
Press: ? - help, Shift-Dir - straight line Something hits you!
* * * LOW HITPOINT WARNING * * *
Casting: Sandblast (safe; 1% risk of failure)
Confirm with . or Enter, or press ? or * to list all spells.
Aiming: Sandblast (safe; 1% risk of failure)
Press: ? - help, Shift-Dir - straight line The blast of sand hits something!
A magic dart appears from out of thin air!
The magic dart hits you!
You die... █••••█ █••█ • █••••█ •••▲ •• █••••█ █••█••• ████•█ ••••• █•█████•(•••• ████████∆██•†•••••?• █•••••••••█{█••••••• █•••••••••█•█••••••• █•••••••••█@█••••█▲█ •••••••███•(••█••••█ ••••••• █••••█••••█ ••••••• █••••█••••█ •5••••• █••••█••••█ ••••••• •••••█ ••••••• ••••••• •••••••█•█•••███ •g█•••█

There were no monsters in sight!

Vanquished Creatures
  Blork the orc (D:4)
  Terence (D:3)
  An adder (D:2)
  A worm (D:4)
  2 dart slugs
  4 orcs (D:3)
  4 ball pythons
  5 endoplasms
  A giant cockroach (D:1)
  5 goblins
  5 hobgoblins
  6 jackals
  3 quokkas
  5 bats
  5 frilled lizards
  3 kobolds
  8 rats
60 creatures vanquished.

Notes
Turn   | Place    | Note
-------+----------+-------------------------------------------
     0 | D:1      | Corto the Gargoyle Earth Elementalist began the quest for
                  | the Orb.
     0 | D:1      | Reached XP level 1. HP: 10/10 MP: 3/3
   130 | D:1      | Reached XP level 2. HP: 15/15 MP: 3/5
   134 | D:1      | Reached skill level 4 in Earth Magic
   502 | D:1      | Reached XP level 3. HP: 19/19 MP: 4/6
   506 | D:1      | Learned a level 3 spell: Stone Arrow
   945 | D:2      | Reached skill level 1 in Conjurations
  1175 | D:2      | Reached XP level 4. HP: 24/24 MP: 6/8
  1400 | D:3      | Found a blossoming altar of Fedhas.
  1422 | D:3      | You fall into a shaft and drop 1 floor!
  1524 | D:4      | Found a shimmering blue altar of Sif Muna.
  1688 | D:4      | Noticed Blork the orc
  1689 | D:4      | Noticed Edmund
  1700 | D:4      | Killed Blork the orc
  1701 | D:4      | Reached skill level 5 in Earth Magic
  1701 | D:4      | Reached XP level 5. HP: 28/28 MP: 1/10
  1840 | D:3      | Found a broken altar of Ashenzari.
  1979 | D:3      | Noticed Terence
  1983 | D:3      | Noticed Grinder
  1995 | D:3      | Noticed Sigmund
  2000 | D:3      | Killed Terence
  2009 | D:3      | Killed from afar by Sigmund

Illustrated notes

Levels and vault maps discovered:
D:1:      dpeg_arrival_arbitrary_a, layout_rooms
D:2:      layout_rooms, serial_park_tiny_1
D:3:      layout_basic, lightli_temple_of_fire, lemuel_doored_altar,
          nzn_hepliaklqana_mist_gate, ashenzari_altar_1, uniq_terence,
          uniq_robin, uniq_grinder, uniq_sigmund
D:4:      layout_rooms, nemelex_spade_bored_becter, lemuel_round_altar,
          uniq_blork_the_orc, uniq_edmund

Skill      XL: |  1  2  3  4 |
---------------+-------------+-----
Earth Magic    | 4 5 |  5.3
Conjurations   | 1 2 |  2.5
Spellcasting   | 3 |  3.4
Dodging        | |  1.5
Stealth        | |  2.1
Transmutations | |  0.7

Action                     |  1- 3 |  4- 6 || total
---------------------------+-------+-------++-------
  Melee: Unarmed           |     4 |       ||     4
         Short sword       |       |     4 ||     4
   Cast: Sandblast         |    61 |    32 ||    93
         Stone Arrow       |       |     2 ||     2
 Armour: Robe              |    13 |     6 ||    19
  Dodge: Dodged            |    15 |     7 ||    22

Table legend: (Time is in decaauts)
 A = Elapsed time spent in this place.
 B = Non-inter-level travel time spent in this place.
 C = Inter-level travel time spent in this place.
 D = Time resting spent in this place.
 E = Time spent auto-exploring this place.
 F = Levels seen in this place.
 G = Mean time per level.
                   A        B        C        D        E       F      G
               +--------+--------+--------+--------+--------+-----+--------+
         Total |   2053 |   1999 |     54 |    140 |   1508 |   4 |  513.2 |
       Dungeon |   2053 |   1999 |     54 |    140 |   1508 |   4 |  513.2 |
               +--------+--------+--------+--------+--------+-----+--------+

Top non-repeatable levels by time:
     D:1: 795 daAuts
     D:2: 637 daAuts
     D:3: 331 daAuts
     D:4: 289 daAuts
